 Dungeon Crawl Stone Soup version 0.23.2 (webtiles) character file.

Game seed: 3386979643789590503

2285 troglodite the Slasher (level 9, -3/103 HPs)
             Began as a Demonspawn Berserker on Apr 8, 2019.
             Was an Elder of Trog.
             Slain by a komodo dragon (26 damage)
             ... on level 7 of the Dungeon.
             The game lasted 00:13:59 (6822 turns).

troglodite the Slasher (Demonspawn Berserker)       Turns: 6822, Time: 00:14:00

Health: -3/103     AC: 13    Str: 24    XL:     9   Next: 17%
Magic:  0/9        EV: 11    Int:  8    God:    Trog [****..]
Gold:   347        SH:  4    Dex: 15    Spells: 8/8 levels left

rFire    . . .     SeeInvis .   a - +0 falchion
rCold    . . .     Gourm    +   w - +0 buckler
rNeg     + . .     Faith    .   k - +0 plate armour
rPois    .         Spirit   +   (no helmet)
rElec    .         Reflect  .   j - +0 cloak
rCorr    .         Harm     .   (no gloves)
MR       .....                  (no boots)
Stlth    ..........             n - amulet of the gourmand
HPRegen  0.27/turn              v - ring of positive energy
MPRegen  0.11/turn              (no ring)

@: berserking, very quick
A: talons 1, nightstalker 2, magic shield, sturdy frame 2
a: Berserk, Trog's Hand, Brothers in Arms, Renounce Religion


You were on level 7 of the Dungeon.
You worshipped Trog.
Trog was greatly pleased with you.
You were very full.

You visited 1 branch of the dungeon, and saw 7 of its levels.

You collected 347 gold pieces.

Inventory:

Hand Weapons
 a - a +0 falchion (weapon)
Armour
 j - a +0 cloak (worn)
 k - a +0 plate armour (worn)
 w - a +0 buckler (worn)
Jewellery
 n - an amulet of the gourmand (around neck)
 v - a ring of positive energy (left hand)
Wands
 u - a wand of digging (5)
 A - a wand of acid (7)
Scrolls
 d - 2 scrolls of amnesia {unknown}
 e - 4 scrolls of identify {unknown}
 f - 2 scrolls of teleportation {unknown}
 h - a scroll of enchant weapon {unknown}
 i - 3 scrolls of remove curse {unknown}
 o - a scroll of random uselessness {unknown}
 q - a scroll of immolation {unknown}
 x - a scroll of noise {unknown}
 y - a scroll of magic mapping {unknown}
Potions
 b - a potion of brilliance {unknown}
 g - a potion of flight {unknown}
 l - 4 potions of heal wounds {unknown}
 m - 3 potions of curing {unknown}
 p - a potion of lignification {unknown}
 r - 3 potions of might {unknown}
 s - a potion of magic {unknown}
 t - a potion of degeneration {unknown}
Comestibles
 c - 14 rations


   Skills:
 * Level 5.8 Fighting
 + Level 6.9 Long Blades
 * Level 5.3 Armour
 * Level 4.9 Dodging
 + Level 2.8 Stealth
 * Level 2.4 Shields


You had 8 spell levels left.
You didn't know any spells.
Your spell library was empty.

Dungeon Overview and Level Annotations

Branches:
Dungeon (7/15)             Temple (0/1) D:4

Altars:
Kikubaaqudgha
Ru
Yredelemnul

Shops:
D:6 %


Innate Abilities, Weirdness & Mutations

You have sharp toenails.
You are significantly more attuned to the shadows.
When hurt, damage is shared between your health and your magic reserves.
Your movements are less encumbered by armour. (ER -4)


Message History

The komodo dragon is moderately wounded.
The komodo dragon bites you!!
Unknown command.
You are too injured to fight recklessly!
You are too injured to fight recklessly!
Unknown command.
You barely miss the komodo dragon. You claw the komodo dragon.
The komodo dragon is heavily wounded.
Something hits you. Something shocks you. The komodo dragon bites you!
* * * LOW HITPOINT WARNING * * *
Unknown command.
You hit the komodo dragon but do no damage.
Your kick misses the komodo dragon.
The komodo dragon is heavily wounded.
Something hits you but does no damage.
Unknown command.
You slash the komodo dragon!
The komodo dragon is severely wounded.
The komodo dragon bites you!!
You die...

### .# #.. ..
#.####.### ### #.#..
... ..# #.#.##l## #.#
###.#.#@..#. #.#
#......{_.... #.#
#.#.#.#...#.#
#.########.#.#.##.##
# ...........#.#..
.$.
###........#.####(###
#.########.. #.#
###.####


You could see a komodo dragon.

Vanquished Creatures
  The ghost of Frank the Sneak, a novice OpFi (D:5)
  A phantom (D:5)
  2 ice beasts (D:6)
  A black bear (D:7)
  2 ogres
  2 centaurs
  Blork the orc (D:6)
  2 bullfrogs
  A water moccasin skeleton (D:5)
  The ghost of Tramtrist the Shooter, a weakling CeHu (D:3)
  3 howler monkeys
  2 crimson imps
  A bullfrog zombie (D:5)
  2 bullfrog skeletons
  A hound (D:4)
  7 orc wizards
  2 orc priests
  2 iguanas (D:5)
  7 worker ants
  The ghost of dscm the Chopper, a weakling DsGl (D:3)
  A hound skeleton (D:4)
  A howler monkey zombie (D:5)
  14 adders
  An ooze (D:2)
  2 adder skeletons
  3 worms (D:3)
  3 dart slugs
  6 leopard geckos
  11 orcs
  4 giant cockroaches
  7 goblins
  7 hobgoblins
  A quokka (D:4)
  2 ball pythons
  7 bats
  4 frilled lizards
  A jackal skeleton (D:5)
  7 kobolds
  A leopard gecko zombie (D:5)
  6 rats
131 creatures vanquished.

Notes
Turn   | Place    | Note
-------+----------+-------------------------------------------
     0 | D:1      | troglodite the Demonspawn Berserker began the quest for the
                  | Orb.
     0 | D:1      | Reached XP level 1. HP: 18/18 MP: 1/1
   177 | D:1      | Gained mutation: You have sharp toenails. [demonic
                  | ancestry]
   177 | D:1      | Reached XP level 2. HP: 19/24 MP: 2/2
   960 | D:2      | Reached XP level 3. HP: 29/29 MP: 3/3
   980 | D:2      | Reached skill level 3 in Long Blades
  1015 | D:2      | Reached ** piety under Trog
  1275 | D:2      | Gained mutation: You are slightly more attuned to the
                  | shadows. [demonic ancestry]
  1275 | D:2      | Reached XP level 4. HP: 25/37 MP: 4/4
  2214 | D:3      | Found a runed translucent gate.
  2214 | D:3      | Found a runed translucent gate.
  2215 | D:3      | Found a runed translucent gate.
  2592 | D:3      | Noticed Tramtrist's ghost (weakling CeHu)
  2592 | D:3      | Noticed dscm's ghost (weakling DsGl)
  2600 | D:3      | Killed dscm's ghost
  2600 | D:3      | Gained mutation: Your movements are slightly less
                  | encumbered by armour. (ER -2) [demonic ancestry]
  2600 | D:3      | Reached XP level 5. HP: 42/42 MP: 5/5
  2604 | D:3      | Killed Tramtrist's ghost
  2604 | D:3      | Reached skill level 1 in Stealth
  3238 | D:4      | Gained mutation: Your movements are less encumbered by
                  | armour. (ER -4) [demonic ancestry]
  3238 | D:4      | Reached XP level 6. HP: 48/48 MP: 6/6
  3240 | D:4      | Reached skill level 4 in Long Blades
  3334 | D:4      | Found a staircase to the Ecumenical Temple.
  3375 | D:4      | Reached *** piety under Trog
  3823 | D:4      | Gained mutation: When hurt, damage is shared between your
                  | health and your magic reserves. [demonic ancestry]
  3823 | D:4      | Reached XP level 7. HP: 51/55 MP: 7/7
  4251 | D:5      | Entered Level 5 of the Dungeon
  4299 | D:5      | Found a basalt altar of Yredelemnul.
  4491 | D:5      | Found a runed translucent gate.
  4492 | D:5      | Found a runed translucent gate.
  4493 | D:5      | Found a runed translucent gate.
  4494 | D:5      | Noticed Frank's ghost (novice OpFi)
  4559 | D:5      | Reached skill level 5 in Long Blades
  4750 | D:5      | Reached skill level 5 in Fighting
  5149 | D:5      | Reached XP level 8. HP: 62/62 MP: 8/8
  5481 | D:5      | Killed Frank's ghost
  5481 | D:5      | Reached skill level 1 in Shields
  5576 | D:6      | Found Otamel's Food Shop.
  5591 | D:6      | Reached skill level 6 in Long Blades
  5652 | D:6      | Noticed Blork the orc
  5659 | D:6      | Killed Blork the orc
  5687 | D:6      | Reached **** piety under Trog
  5855 | D:6      | Reached skill level 5 in Armour
  6507 | D:6      | Gained mutation: You are significantly more attuned to the
                  | shadows. [demonic ancestry]
  6507 | D:6      | Reached XP level 9. HP: 66/69 MP: 7/9
  6515 | D:6      | Found an ancient bone altar of Kikubaaqudgha.
  6810 | D:7      | Found a sacrificial altar of Ru.
  6813 | D:7      | Noticed a komodo dragon
  6822 | D:7      | Slain by a komodo dragon

Skill      XL: |  1  2  3  4  5  6  7  8 |
---------------+-------------------------+-----
Armour         | 2 3 4 5 |  5.3
Long Blades    | 3 4 5 6 |  6.9
Dodging        | 2 3 4 |  4.9
Fighting       | 4 5 |  5.8
Stealth        | 1 2 |  2.8
Shields        | 2 |  2.4

Action                   |  1- 3 |  4- 6 |  7- 9 || total
-------------------------+-------+-------+-------++-------
Melee: Falchion          |    74 |   145 |   224 ||   443
       Kick              |    16 |    48 |    75 ||   139
Invok: Berserk           |       |     3 |     7 ||    10
 Stab: Sleeping          |     2 |     6 |       ||     8
  Eat: Chunk             |     1 |    22 |    16 ||    39
Armor: Animal skin       |     6 |       |       ||     6
       Plate armour      |     8 |       |   127 ||   135
       Leather armour    |     8 |    29 |       ||    37
Dodge: Dodged            |    54 |    79 |    97 ||   230
Block: Buckler           |       |       |    25 ||    25
       Rpst.: Falchion   |    20 |    25 |    38 ||    83
